 Dungeon Crawl Stone Soup version 0.31-a0-239-g0a1456f148 (webtiles) character file.

Game seed: 15882689442077282667

1409 qw the Skirmisher (level 8, -4/70 HPs)
             Began as a Minotaur Hexslinger on July 11, 2023.
             Slain by Maggie
             ... wielding a +3 long sword of flaming
              (10 damage)
             ... on level 6 of the Dungeon.
             The game lasted 00:01:25 (4350 turns).

qw the Skirmisher (Minotaur Hexslinger)             Turns: 4350, Time: 00:01:26

Health: -4/70      AC:  8    Str: 13    XL:     8   Next: 42%
Magic:  8/8        EV: 11    Int: 10    God:
Gold:   274        SH:  0    Dex: 15    Spells: 8/9 levels left

rFire   . . .        Y - +3 arbalest (heavy)
rCold   . . .        (shield currently unavailable)
rNeg    . . .        k - +0 ring mail
rPois   .            (helmet restricted)
rElec   .            f - +2 cloak {Stlth+}
rCorr   .            (no gloves)
SInv    +            (no boots)
Will    .....        (no amulet)
Stlth   ++           i - ring of see invisible
HPRegen 0.31/turn    (no ring)
MPRegen 0.11/turn

%: no passive effects
@: mesmerised
A: horns 2, retaliatory headbutt
a: no special abilities


You were on level 6 of the Dungeon.
You visited 1 branch of the dungeon, and saw 6 of its levels.

You collected 339 gold pieces.
You spent 65 gold pieces at shops.


Innate Abilities, Weirdness & Mutations

You have a pair of horns on your head.
You reflexively headbutt those who attack you in melee.


   Skills:
 - Level 6.1 Fighting
 + Level 9.6 Ranged Weapons
 - Level 2.0 Armour
 - Level 3.3 Dodging
 - Level 1.0 Spellcasting
 - Level 2.0 Hexes


You had 8 spell levels left.
You knew the following spells:

 Your Spells              Type           Power      Damage    Failure   Level
a - Slow                  Hex            16%        N/A       32%         1

Your spell library contained the following spells:

 Spells                   Type           Power      Damage    Failure   Level
 Inner Flame              Hex/Fire       2%         N/A       82%         3
 Portal Projectile        Hex/Tloc       4%         N/A       82%         3
 Cause Fear               Hex            2%         N/A       97%         4

Inventory:

Hand Weapons
 Y - a +3 heavy arbalest (weapon)
Armour
 f - a +2 cloak of stealth (worn)
 k - a +0 ring mail (worn)
Jewellery
 d - a +4 ring of protection
 i - a ring of see invisible (left hand)
Scrolls
 a - a scroll of identify
 j - a scroll of immolation {unknown}
 l - a scroll of amnesia {unknown}
 m - a scroll of silence {unknown}
Potions
 b - 2 potions of haste
 c - a potion of might
 e - a potion of cancellation
 g - 2 potions of curing
 h - 2 potions of mutation

Dungeon Overview and Level Annotations

Branches:
Dungeon (6/15)
 Temple: D:4-7

Altars:
Cheibriados
Dithmenos
Gozag
Hepliaklqana
Nemelex Xobeh
Sif Muna
Xom
Yredelemnul

Shops:
D:2 *

Annotations:
D:6 Maggie


Message History

Enter note:
Enter note:
Enter note:
Enter note:
Enter note:
Enter note: You shoot a bolt.
The bolt hits Maggie but does no damage.
You shoot a bolt. The bolt closely misses Maggie.
Maggie barely misses you. You furiously retaliate!
You headbutt Maggie.
Maggie casts a spell.
Maggie attempts to bespell you!
You are mesmerised by Maggie!
You shoot a bolt. The bolt hits Maggie!
Maggie is lightly wounded.
Maggie hits you with a +3 long sword of flaming!
Maggie burns you.
Maggie points at you and mumbles some strange words.
The bolt of fire hits you!
You shoot a bolt. The bolt hits Maggie!
Maggie is moderately wounded.
Maggie mumbles some strange words.
Maggie draws you further into her thrall.
Maggie casts a spell at you. The bolt of fire hits you!
Maggie hits you but does no damage.
You shoot a bolt. The bolt closely misses Maggie.
Maggie gestures wildly while chanting.
Maggie draws you further into her thrall.
Maggie hits you with a +3 long sword of flaming!
Maggie burns you.
You shoot a bolt. The bolt hits Maggie.
Maggie is heavily wounded.
Maggie hits you with a +3 long sword of flaming!
Maggie burns you.
Maggie mumbles some strange words.
Maggie draws you further into her thrall.
You shoot a bolt. The bolt hits Maggie!
Maggie is heavily wounded.
Maggie hits you with a +3 long sword of flaming!
You die...

.....# .....#
.....#
.....##############
##'#.......)......#
..................#
.....#............#
.....#............#
######..........@.#
.....###########@##
#....<...... ..#
#........... ...#
#........... )...#
##...#############
##...#........
.....#........
.....#........


You could see Maggie (mesmerising).

Vanquished Creatures
  A black bear (D:4)
  An ice beast (D:5)
  An ogre (D:4)
  A scorpion (D:5)
  5 wights (D:6)
  3 killer bees (D:4)
  An electric eel (D:6)
  3 hounds
  A jelly (D:6)
  A gnoll bouda (D:5)
  A sleepcap (D:6)
  5 iguanas
  8 adders
  18 gnolls
  3 white imps
  A worm (D:3)
  3 dart slugs
  An orc (D:6)
  3 endoplasms
  2 giant cockroaches
  4 goblins
  9 hobgoblins
  3 kobolds
  4 quokkas
  9 ball pythons
  6 bats
  8 frilled lizards
  4 rats (D:1)
110 creatures vanquished.

Notes
Turn   | Place    | Note
-------+----------+-------------------------------------------
     0 | D:1      | qw the Minotaur Hexslinger began the quest for the Orb.
     0 | D:1      | Reached XP level 1. HP: 16/16 MP: 1/1
     0 | D:1      | 0 ||| qw: Version: 0.3-a-52-g30416fa
     0 | D:1      | 0 ||| qw: Game counter: 5919
     0 | D:1      | 0 ||| qw: Melee chars always use a shield: true
     0 | D:1      | 0 ||| qw: God list: Okawaru
     0 | D:1      | 0 ||| qw: Allow faded altars: false
     0 | D:1      | 0 ||| qw: Do Orc after clearing Dungeon:15 true
     0 | D:1      | 0 ||| qw: Do second Lair branch before Depths: true
     0 | D:1      | 0 ||| qw: Lair rune preference: random
     0 | D:1      | 0 ||| qw: Goals: Normal
     0 | D:1      | 0 ||| PLANNING D:1-11
   197 | D:1      | Reached skill level 3 in Ranged Weapons
   248 | D:1      | Reached XP level 2. HP: 23/23 MP: 2/2
   620 | D:1      | 620 ||| UPGRADING to +0 leather armour.
   630 | D:1      | 630 ||| DROPPING +0 robe.
   631 | D:1      | 631 ||| UPGRADING to ring of see invisible.
   632 | D:1      | 632 ||| READING 3 scrolls labelled OPEUQ GAS DIRPH.
   633 | D:1      | 633 ||| READING scroll labelled LUVEDI KIUJA.
   633 | D:1      | Identified a scroll of acquirement
   633 | D:1      | 633 ||| ACQUIRING +2 arbalest of flaming
   633 | D:1      | Acquired a +2 arbalest of flaming
   635 | D:1      | 635 ||| SWAPPING to +2 arbalest of flaming.
   636 | D:1      | 636 ||| DROPPING +1 sling.
   637 | D:1      | 637 ||| READING 2 scrolls of identify.
   637 | D:1      | 637 ||| IDENTIFYING puce potion
   638 | D:1      | 638 ||| DROPPING scroll of poison.
   709 | D:2      | Identified the +3 scale mail "Zyidimorig" {+Inv rPois Dex-4
                  | Slay+2}
   787 | D:2      | Reached XP level 3. HP: 24/29 MP: 3/3
   884 | D:2      | Reached skill level 4 in Ranged Weapons
   894 | D:2      | Reached XP level 4. HP: 31/36 MP: 4/4
  1038 | D:2      | Found Cinu's General Store.
  1047 | D:2      | 1047 ||| SHOPLISTING ring of protection from fire (325
                  | gold, have 100).
  1047 | D:2      | 1047 ||| BUYING scroll of identify (26 gold).
  1047 | D:2      | Bought a scroll of identify for 26 gold pieces
  1047 | D:2      | 1047 ||| BUYING scroll of teleportation (39 gold).
  1047 | D:2      | Bought a scroll of teleportation for 39 gold pieces
  1141 | D:2      | 1141 ||| DRINKING 2 smoky pink potions.
  1142 | D:2      | 1142 ||| DRINKING 2 blue potions.
  1205 | D:3      | Reached skill level 5 in Ranged Weapons
  1209 | D:3      | HP: 9/37 [gnoll/+0 spear (8)]
  1210 | D:3      | 1210 ||| READING 2 scrolls of teleportation.
  1210 | D:3      | HP: 4/37 [gnoll/+0 spear (5)]
  1213 | D:3      | 1213 ||| READING scroll of teleportation.
  1421 | D:3      | Reached skill level 3 in Fighting
  1449 | D:3      | Reached XP level 5. HP: 45/45 MP: 5/5
  1779 | D:3      | 1779 ||| UPGRADING to +2 cloak of stealth.
  1784 | D:3      | 1784 ||| READING scroll labelled XOEJUA YMEIRA.
  1862 | D:3      | 1862 ||| READING scroll labelled PENLIO SUKH.
  1863 | D:3      | 1863 ||| READING scroll labelled PYUTZO PEMEU.
  1864 | D:3      | 1864 ||| DRINKING 2 fuming blue potions.
  1899 | D:4      | Noticed an ogre
  1902 | D:4      | Killed an ogre
  1903 | D:4      | Reached skill level 6 in Ranged Weapons
  1921 | D:4      | Reached skill level 1 in Armour
  1924 | D:4      | Reached XP level 6. HP: 51/51 MP: 6/6
  2066 | D:4      | Found a shadowy altar of Dithmenos.
  2067 | D:4      | Found an opulent altar of Gozag.
  2075 | D:4      | Found a snail-covered altar of Cheibriados.
  2077 | D:4      | Found a sparkling altar of Nemelex Xobeh.
  2078 | D:4      | Found a basalt altar of Yredelemnul.
  2085 | D:4      | Found a hazy altar of Hepliaklqana.
  2086 | D:4      | Found a shimmering blue altar of Sif Muna.
  2152 | D:4      | HP: 11/52 [poisoned by a killer bee]
  2153 | D:4      | 2153 ||| DRINKING potion of heal wounds.
  2158 | D:4      | HP: 10/52 [poisoned by a killer bee]
  2163 | D:4      | HP: 6/52 [poisoned by a killer bee]
  2502 | D:4      | Reached skill level 7 in Ranged Weapons
  2502 | D:4      | Reached XP level 7. HP: 57/59 MP: 7/7
  2962 | D:4      | 2962 ||| UPGRADING to +0 ring mail.
  2972 | D:4      | 2972 ||| DROPPING +0 leather armour.
  2973 | D:4      | 2973 ||| READING 4 scrolls of identify.
  2973 | D:4      | 2973 ||| IDENTIFYING metallic red potion
  2974 | D:4      | 2974 ||| READING 3 scrolls of identify.
  2974 | D:4      | 2974 ||| IDENTIFYING fizzy purple potion
  2975 | D:4      | 2975 ||| READING 2 scrolls of identify.
  2975 | D:4      | 2975 ||| IDENTIFYING coppery potion
  2976 | D:4      | 2976 ||| DROPPING potion of invisibility.
  3056 | D:5      | Entered Level 5 of the Dungeon
  3115 | D:5      | Reached skill level 8 in Ranged Weapons
  3189 | D:5      | 3189 ||| FLEEEEING.
  3239 | D:5      | 3239 ||| Stepping ~*~*~tactically~*~*~ (outnumbered).
  3241 | D:5      | 3241 ||| Stepping ~*~*~tactically~*~*~ (outnumbered).
  3744 | D:5      | 3744 ||| Stepping ~*~*~tactically~*~*~ (outnumbered).
  3746 | D:5      | 3746 ||| Stepping ~*~*~tactically~*~*~ (outnumbered).
  3751 | D:5      | Reached skill level 9 in Ranged Weapons
  3766 | D:5      | 3766 ||| READING scroll labelled LYPREIRIXT.
  3767 | D:5      | 3767 ||| READING scroll labelled YGRIL IQETUIPTI.
  3768 | D:5      | 3768 ||| READING scroll labelled DEZXAN BYTT.
  3769 | D:5      | 3769 ||| READING 2 scrolls of identify.
  3769 | D:5      | 3769 ||| IDENTIFYING orange potion
  3770 | D:5      | 3770 ||| DROPPING potion of ambrosia.
  3808 | D:6      | Reached XP level 8. HP: 69/69 MP: 8/8
  3816 | D:6      | Reached skill level 3 in Dodging
  3861 | D:6      | Reached skill level 6 in Fighting
  4311 | D:6      | Found a shimmering altar of Xom.
  4343 | D:6      | Noticed Maggie
  4348 | D:6      | HP: 15/70 [Maggie/+3 long sword of flaming (4)]
  4349 | D:6      | HP: 7/70 [Maggie/+3 long sword of flaming (8)]
  4350 | D:6      | Slain by Maggie

Levels and vault maps discovered:
D:1:      evilmike_arrival_hilbert_curve, layout_basic
D:2:      layout_basic, serial_shops, nicolae_shop_gibbet_a_chance,
          hangedman_decor_clover_reticule
D:3:      layout_basic, chequers_serial_rivers_micro_b
D:4:      layout_basic, nicolae_overflow_hallway_of_the_gods
D:5:      layout_basic
D:6:      layout_gridville, lemuel_crystal_altar, hangedman_decor_growths,
          minivault_14, item_on_display_a, uniq_maggie

Skill      XL: |  1  2  3  4  5  6  7  8 |
---------------+-------------------------+-----
Ranged Weapons | 3 4 5 6 7 9 |  9.6
Fighting       | 2 3 4 5 6 |  6.1
Armour         | 1 2 |  2.0
Dodging        | 3 |  3.3
Spellcasting   | |  1.0
Hexes          | |  2.0

Action                     |  1- 3 |  4- 6 |  7- 9 || total
---------------------------+-------+-------+-------++-------
   Fire: Sling             |    48 |       |       ||    48
         Arbalest          |    18 |    89 |    99 ||   206
    Use: Scroll            |     3 |     5 |     7 ||    15
         Potion            |       |     4 |       ||     4
 Armour: Robe              |     1 |       |       ||     1
         Leather armour    |       |    18 |     1 ||    19
         Ring mail         |       |       |     6 ||     6
  Dodge: Dodged            |    16 |    39 |    34 ||    89

Table legend:
 A = Non-vault XP
 B = Vault XP
 C = Vault XP percentage of total XP
 D = Non-vault monster count
 E = Vault monster count
 F = Vault count percentage of total count
                 A         B        C        D         E       F
            +---------+---------+-------+---------+---------+-------
      Total |    2014 |       0 |   0.0 |     110 |       0 |   0.0
            +---------+---------+-------+---------+---------+-------
        D:1 |      31 |       0 |   0.0 |      18 |       0 |   0.0
        D:2 |      81 |       0 |   0.0 |      13 |       0 |   0.0
        D:3 |      97 |       0 |   0.0 |      21 |       0 |   0.0
        D:4 |     614 |       0 |   0.0 |      25 |       0 |   0.0
        D:5 |     601 |       0 |   0.0 |      20 |       0 |   0.0
        D:6 |     590 |       0 |   0.0 |      13 |       0 |   0.0
            +---------+---------+-------+---------+---------+-------
